 Dungeon Crawl Stone Soup version 0.30-a0-726-gd89dcf765f (webtiles) character file.

Game seed: 3677491868250534875

1218 Shayle the Sneak (level 8, -5/43 HPs)
             Began as a Tengu Brigand on Jan 30, 2023.
             Was a Believer of Hepliaklqana.
             Slain by an orc warrior
             ... wielding a +1 glaive of protection
              (21 damage)
             ... on level 4 of the Dungeon.
             The game lasted 00:13:03 (4090 turns).

Shayle the Sneak (Tengu Brigand)                    Turns: 4090, Time: 00:13:03

Health: -5/43      AC:  7    Str: 12    XL:     8   Next: 46%
Magic:  11/11      EV: 17    Int: 11    God:    Hepliaklqana [**....]
Gold:   217        SH:  0    Dex: 18    Spells: 7/7 levels left

rFire   . . .      SeeInvis .    l - +2 short sword (vamp)
rCold   + . .      Faith    .    (no shield)
rNeg    . . .      Spirit   .    s - +2 robe {rC+}
rPois   .          Reflect  .    (helmet restricted)
rElec   .          Harm     .    c - +0 cloak
rCorr   .          Rampage  .    i - +1 pair of gloves
Will    +....                    (boots unavailable)
Stlth   ++++                     o - amulet of the acrobat
HPRegen 0.27/turn                m - ring of willpower
MPRegen 0.12/turn                (no ring)

@: flying quickly and evasively, quick
A: reduced essence, beak, talons 3, nimble flight
a: Renounce Religion, Recall Ancestor, Ancestor Identity


You were on level 4 of the Dungeon.
You worshipped Hepliaklqana.
Hepliaklqana was pleased with you.
You visited 1 branch of the dungeon, and saw 5 of its levels.

You collected 217 gold pieces.

Inventory:

Hand Weapons
 a - a +2 dagger
 b - a +1 mace of protection
 l - a +2 vampiric short sword (weapon)
Missiles
 d - 9 poisoned darts (quivered)
 t - 3 curare-tipped darts
Armour
 c - a +0 cloak (worn)
 i - a +1 pair of gloves (worn)
 s - a +2 robe of cold resistance (worn)
Magical Staves
 g - a staff of death
Jewellery
 h - an amulet of reflection
 k - a ring of fire
 m - a ring of willpower (left hand)
 o - an amulet of the acrobat (around neck)
Wands
 e - a wand of quicksilver (5)
 p - a wand of roots (5)
Scrolls
 n - a scroll of fear
Potions
 f - a potion of resistance
 j - a potion of magic {unknown}
 q - a potion of heal wounds
 r - a potion of curing
 u - a potion of lignification {unknown}
 v - a potion of might {unknown}
 w - a potion of attraction {unknown}
 x - a potion of mutation {unknown}


   Skills:
 + Level 4.9 Fighting
 - Level 2.1 Short Blades
 - Level 2.0 Throwing
 + Level 4.9 Dodging
 * Level 7.9 Stealth
 + Level 3.5 Invocations


You had 7 spell levels left.
You didn't know any spells.
Your spell library contained the following spells:

 Spells                   Type           Power      Damage    Failure   Level
 Ignite Poison            Fire/Tmut/Pois 0%         N/A       71%         3
 Kindle Blastsparks       Fire/Tloc/Air  0%         2d10      71%         3
 Freezing Cloud           Conj/Ice/Air   0%         6-21      100%        5


Dungeon Overview and Level Annotations

Branches:
Dungeon (5/15)
 Temple: D:4-7

Altars:
Gozag
Hepliaklqana
Okawaru
Yredelemnul

Annotations:
D:2 1 runed translucent door, Crazy Yiuf


Innate Abilities, Weirdness & Mutations

Your life essence is reduced to manifest your ancestor. (-10% HP)
You have a beak for a mouth.
You have claws for feet.
Your magical nature lets you fly swiftly and evasively.


Message History

Found 5 gold pieces.
There is a stone staircase leading up here.
There are monsters nearby!
An orc wizard comes into view. It is wielding a +0 dagger.
Found 12 gold pieces.
The orc warrior shouts!
The orc warrior closely misses you.
The orc throws a boomerang.
The boomerang completely misses you.
There is a stone staircase leading up here.
You see here 5 gold pieces.
The orc completely misses you.
There is a stone staircase leading up here.
The orc warrior hits you with a +1 glaive of protection!
The orc closely misses you.
You fly upwards.
Zorana hits the orc warrior but does no damage.
Zorana closely misses the orc warrior.
There is a stone staircase leading down here.
The orc hits you but does no damage.
The orc warrior hits you from afar with a +1 glaive of protection!
Zorana hits the orc warrior but does no damage.
What are your orders? t - Shout!
Orders for allies: a - Attack new target. r - Retreat! s - Stop attacking. g - Guard the area. f - Follow me.
Anything else - Cancel.
Gang up on whom?
Press: ? - help, Dir - move target, f - orc warrior
Aim: an orc warrior, wielding a +1 glaive of protection and wearing a +0 plate armour (ally target) Attack!
The orc barely misses you.
The orc warrior hits you from afar with a +1 glaive of protection!
* * * LOW HITPOINT WARNING * * *
Zorana hits the orc warrior but does no damage.
The orc warrior completely misses you.
You feel much better.
Zorana hits the orc warrior but does no damage.
The orc misses you.
The orc warrior hits you from afar with a +1 glaive of protection!!
You die...

.....)### ##.....##.#
.......R###.....#####
...####.....##..##
...# ###...###.(#
..## ##....##.####
..# #......#....# .##
#..##....#### .#
##.#####..## .# #..#
##.@.# .## ##.##
##..o.# ..## #..#
##.o>###
#..####..###..R##
.......#......##
..##.####.....##
#####.# #..##..#### #
#.# ##.###..#.# #.#
#.####..##


You could see the friendly Zorana the knight, an orc warrior (ally target) and
an orc.

Vanquished Creatures
  Grinder (D:4)
  Sigmund (D:3)
  Duvessa (D:4)
  2 necrophages (D:4)
  Dowan (D:4)
  A hound (D:2)
  Terence (D:2)
  Ijyb (D:3)
  Natasha (thrice) (D:4)
  An orc wizard (D:3)
  Robin (D:1)
  5 gnolls
  7 adders
  3 dart slugs
  5 orcs
  7 ball pythons
  5 endoplasms
  2 giant cockroaches
  16 goblins
  5 hobgoblins
  4 jackals
  8 kobolds
  2 quokkas
  7 bats
  3 frilled lizards
  3 rats
  A spectral orc (D:4)
97 creatures vanquished.

Vanquished Creatures (collateral kills)
  Menkaure (D:4)
  A kobold brigand (D:4)
  A gnoll (D:4)
  A worm (D:3)
  A giant cockroach (D:4)
  A kobold (D:3)
  A rat (D:3)
7 creatures vanquished.

Vanquished Creatures (others)
  A knight (D:4)
1 creature vanquished.

Grand Total: 105 creatures vanquished

Notes
Turn   | Place    | Note
-------+----------+-------------------------------------------
     0 | D:1      | Shayle the Tengu Brigand began the quest for the Orb.
     0 | D:1      | Reached XP level 1. HP: 12/12 MP: 2/2
   240 | D:1      | Reached XP level 2. HP: 14/17 MP: 3/3
   493 | D:1      | Reached XP level 3. HP: 22/22 MP: 4/4
   794 | D:2      | Found a hazy altar of Hepliaklqana.
   801 | D:2      | Became a worshipper of Hepliaklqana the Forgotten
   821 | D:2      | Noticed Robin
   843 | D:1      | Killed Robin
  1067 | D:2      | Found a runed translucent door.
  1068 | D:2      | Noticed Crazy Yiuf
  1214 | D:2      | Reached skill level 1 in Invocations
  1214 | D:2      | Reached XP level 4. HP: 11/27 MP: 5/5
  1479 | D:2      | Reached skill level 5 in Stealth
  1564 | D:2      | Noticed Terence
  1577 | D:2      | Killed Terence
  1578 | D:2      | Gained mutation: Your magical nature lets you fly swiftly
                  | and evasively. [Tengu growth]
  1578 | D:2      | Reached XP level 5. HP: 32/32 MP: 6/6
  1828 | D:3      | Noticed Sigmund
  2025 | D:3      | Reached * piety under Hepliaklqana
  2030 | D:3      | Noticed Ijyb
  2084 | D:3      | Killed Ijyb
  2154 | D:3      | Reached XP level 6. HP: 33/33 MP: 8/8
  2178 | D:3      | Killed Sigmund
  2179 | D:3      | Reached skill level 6 in Stealth
  2486 | D:3      | Found an opulent altar of Gozag.
  2486 | D:3      | Found an iron altar of Okawaru.
  2723 | D:4      | Noticed Natasha
  2730 | D:4      | Killed Natasha
  2731 | D:4      | Reached XP level 7. HP: 37/37 MP: 9/9
  2808 | D:4      | Noticed Natasha
  2816 | D:4      | Killed Natasha
  2992 | D:4      | Reached ** piety under Hepliaklqana
  2999 | D:4      | Remembered your ancestor Zorana as a knight
  3076 | D:4      | Noticed Grinder
  3112 | D:4      | Killed Grinder
  3113 | D:4      | Reached skill level 7 in Stealth
  3113 | D:4      | Reached XP level 8. HP: 30/43 MP: 11/11
  3190 | D:4      | Noticed Natasha
  3224 | D:4      | Killed Natasha
  3281 | D:4      | Noticed Menkaure
  3294 | D:4      | Killed Menkaure
  3314 | D:4      | Noticed Dowan
  3385 | D:4      | Found a basalt altar of Yredelemnul.
  3471 | D:4      | Noticed Duvessa
  3488 | D:4      | Killed Duvessa
  3495 | D:4      | Killed Dowan
  4076 | D:5      | Entered Level 5 of the Dungeon
  4090 | D:4      | Slain by an orc warrior

Illustrated notes

Levels and vault maps discovered:
D:1:      lightli_arrival_maybe_door_vault, layout_basic, interstate_on_off
D:2:      layout_rooms, basic_altar, nicolae_figureground_sparkle, uniq_robin,
          uniq_crazy_yiuf_cottage, uniq_terence
D:3:      layout_basic, gammafunk_temple_overflow_elements, uniq_sigmund,
          uniq_ijyb
D:4:      layout_layer_cave, yredelemnul_forgotten_temple_becter, uniq_natasha,
          uniq_duvessa, uniq_menkaure, uniq_grinder
D:5:      layout_cave_pods, zin_scriptorium, lemuel_tele_altar,
          kiku_gazebo_garden_becter, nicolae_overflow_crystal_walls,
          minmay_temple_entry_large_hall

Skill      XL: |  1  2  3  4  5  6  7 |
---------------+----------------------+-----
Dodging        | 2 3 4 |  4.9
Invocations    | 1 2 3 |  3.5
Fighting       | 3 4 |  4.9
Stealth        | 5 6 7 |  7.9
Short Blades   | |  2.1
Throwing       | |  2.0

Action                     |  1- 3 |  4- 6 |  7- 9 || total
---------------------------+-------+-------+-------++-------
  Melee: Dagger            |    55 |       |       ||    55
         Kick              |    18 |    18 |    19 ||    55
         Peck              |     9 |    14 |     6 ||    29
         Punch             |     1 |     1 |       ||     2
         Short sword       |    33 |    92 |    58 ||   183
  Throw: Dart              |     8 |     8 |       ||    16
 Invoke: Recall Ancestor   |       |       |     1 ||     1
         Ancestor Life: Kn |       |       |     1 ||     1
  Evoke: Wand              |       |       |     2 ||     2
    Use: Potion            |     1 |     1 |     1 ||     3
         Scroll            |       |     6 |     1 ||     7
   Stab: Sleeping          |     7 |     4 |     5 ||    16
         Distracted        |       |     1 |       ||     1
 Armour: Robe              |    28 |    17 |     7 ||    52
  Dodge: Dodged            |    51 |    65 |    49 ||   165
  Block: Other             |       |    11 |       ||    11
         Reflection        |       |     1 |       ||     1

Table legend: (Time is in decaauts)
 A = Elapsed time spent in this place.
 B = Non-inter-level travel time spent in this place.
 C = Inter-level travel time spent in this place.
 D = Time resting spent in this place.
 E = Time spent auto-exploring this place.
 F = Levels seen in this place.
 G = Mean time per level.
                   A        B        C        D        E       F      G
               +--------+--------+--------+--------+--------+-----+--------+
         Total |   3867 |   3734 |    133 |    443 |   2184 |   5 |  773.4 |
       Dungeon |   3867 |   3734 |    133 |    443 |   2184 |   5 |  773.4 |
               +--------+--------+--------+--------+--------+-----+--------+

Top non-repeatable levels by time:
     D:4: 1237 daAuts
     D:1: 984 daAuts
     D:2: 912 daAuts
     D:3: 723 daAuts
     D:5: 8 daAuts
